[Event "EYTCC Open U18 2022"]
[Site "Thessaloniki"]
[Date "2022.07.12"]
[Round "1.20"]
[White "Dias, Savin"]
[Black "Ljepic, Andrej"]
[Result "1/2-1/2"]
[ECO "C10"]
[WhiteElo "1894"]
[BlackElo "2234"]
[Annotator "ChessBase"]
[PlyCount "63"]
[EventDate "2022.07.12"]
[EventType "team-tourn"]
[EventCountry "GRE"]
[SourceTitle "playchess.com"]
[Source "ChessBase"]
[SourceQuality "1"]
[WhiteTeam "England"]
[BlackTeam "Serbia"]
[WhiteTeamCountry "ENG"]
[BlackTeamCountry "SRB"]
[TimeControl "40/5400+30:1800+30"]

1. e4 e6 2. d4 d5 3. Nc3 dxe4 4. Nxe4 Bd7 5. Nf3 Bc6 6. Bd3 Nd7 7. Bg5 Ngf6 8. Qe2 Be7 9. Bxf6 Nxf6 10. Nxf6+ Bxf6 11. Be4 Bxe4 12. Qxe4 Qd5 13. Qxd5 exd5 14. O-O-O O-O-O 15. Rhe1 Rhe8 16. c3 g6 17. Ne5 Re7 18. f4 Bg7 19. Kd2 f6 20. Nd3 Rde8 21. Rxe7 Rxe7 22. Re1 Rxe1 23. Kxe1 Bf8 24. Ke2 Kd7 25. b4 b6 26. g4 Bd6 27. h4 a6 28. Kf3 Ke6 29. a4 a5 30. bxa5 bxa5 31. g5 fxg5 32. fxg5 1/2-1/2

[Event "EYTCC Open U18 2022"]
[Site "Thessaloniki"]
[Date "2022.07.12"]
[Round "1.21"]
[White "Zeneli, Klendi"]
[Black "Fromm, Marius"]
[Result "0-1"]
[ECO "C54"]
[WhiteElo "1921"]
[BlackElo "2391"]
[Annotator "ChessBase"]
[PlyCount "78"]
[EventDate "2022.07.12"]
[EventType "team-tourn"]
[EventCountry "GRE"]
[SourceTitle "playchess.com"]
[Source "ChessBase"]
[SourceQuality "1"]
[WhiteTeam "Albania"]
[BlackTeam "Germany"]
[WhiteTeamCountry "ALB"]
[BlackTeamCountry "GER"]
[TimeControl "40/5400+30:1800+30"]

1. e4 e5 2. Nf3 Nc6 3. Bc4 Bc5 4. c3 Nf6 5. d3 d6 6. a4 a5 7. Nbd2 O-O 8. O-O h6 9. Re1 Be6 10. Qb3 Qd7 11. Nf1 Bg4 12. N3d2 Ne7 13. Ne3 c6 14. Ndf1 b5 15. axb5 d5 16. exd5 cxd5 17. Nxd5 Nexd5 18. Bxd5 Nxd5 19. Rxe5 Be6 20. c4 Bd4 21. Re1 Nb4 22. Ne3 Qxb5 23. Nc2 Qc5 24. Be3 Nxc2 25. Qxc2 Rfd8 26. h3 Bf5 27. Ra3 Ra6 28. Qd2 Bxe3 29. Rxe3 Ra7 30. Qc3 Bg6 31. Re5 Qb6 32. c5 Qc6 33. d4 Rad7 34. d5 Rxd5 35. Rxd5 Rxd5 36. Rxa5 Rd1+ 37. Kh2 Qc7+ 38. g3 Be4 39. f3 Bxf3 0-1

[Event "EYTCC Open U18 2022"]
[Site "Thessaloniki"]
[Date "2022.07.12"]
[Round "1.22"]
[White "Deuer, Marius"]
[Black "Xhembulla, Aleksander"]
[Result "0-1"]
[ECO "E46"]
[WhiteElo "2338"]
[BlackElo "1909"]
[Annotator "ChessBase"]
[PlyCount "72"]
[EventDate "2022.07.12"]
[EventType "team-tourn"]
[EventCountry "GRE"]
[SourceTitle "playchess.com"]
[Source "ChessBase"]
[SourceQuality "1"]
[WhiteTeam "Germany"]
[BlackTeam "Albania"]
[WhiteTeamCountry "GER"]
[BlackTeamCountry "ALB"]
[TimeControl "40/5400+30:1800+30"]

1. d4 Nf6 2. c4 e6 3. Nc3 Bb4 4. e3 O-O 5. Nge2 Re8 6. a3 Bf8 7. Ng3 d5 8. Be2 b6 9. O-O Bb7 10. cxd5 exd5 11. b4 c6 12. Qb3 Nbd7 13. f3 a5 14. Rb1 axb4 15. axb4 Rb8 16. e4 c5 17. Bf4 cxd4 18. Bxb8 Nxb8 19. Nxd5 Bxd5 20. exd5 Nxd5 21. Bb5 Re3 22. Qc4 Nxb4 23. Rfc1 Nd3 24. Rd1 Ne5 25. Qxd4 Re1+ 26. Bf1 Qxd4+ 27. Rxd4 Rxb1 28. Rd8 Nbc6 29. Rc8 Ne7 30. Re8 g6 31. h4 h5 32. Ne4 Kg7 33. Kf2 Rb2+ 34. Kg1 N5c6 35. Ng5 Nf5 36. Bd3 Bc5+ 0-1

[Event "EYTCC Open U18 2022"]
[Site "Thessaloniki"]
[Date "2022.07.12"]
[Round "1.23"]
[White "Ramaj, Ergit"]
[Black "Colbow, Collin"]
[Result "0-1"]
[ECO "B48"]
[WhiteElo "1980"]
[BlackElo "2325"]
[Annotator "ChessBase"]
[PlyCount "74"]
[EventDate "2022.07.12"]
[EventType "team-tourn"]
[EventCountry "GRE"]
[SourceTitle "playchess.com"]
[Source "ChessBase"]
[SourceQuality "1"]
[WhiteTeam "Albania"]
[BlackTeam "Germany"]
[WhiteTeamCountry "ALB"]
[BlackTeamCountry "GER"]
[TimeControl "40/5400+30:1800+30"]

1. e4 c5 2. Nf3 e6 3. d4 cxd4 4. Nxd4 Nc6 5. Nc3 Qc7 6. Be3 a6 7. g4 h6 8. h4 Nf6 9. Nxc6 bxc6 10. Rg1 d5 11. g5 hxg5 12. hxg5 Nxe4 13. Nxe4 dxe4 14. Qd4 Rh4 15. O-O-O c5 16. Qc3 Bb7 17. Bc4 g6 18. Rd2 Rd8 19. Rxd8+ Qxd8 20. Rd1 Qc7 21. Bb3 Bd6 22. Qg7 Bc6 23. Qg8+ Ke7 24. Bxe6 Kxe6 25. Qg7 Be5 26. Qf8 Bd6 27. Qg7 Be5 28. Qf8 Qb8 29. Qxc5 Bxb2+ 30. Kd2 Qd6+ 31. Qxd6+ Kxd6 32. c3 Ba3 33. c4 Ke6 34. c5 Bb2 35. Rb1 Be5 36. Rb6 Kd5 37. Rxa6 Bf4 0-1

[Event "EYTCC Open U18 2022"]
[Site "Thessaloniki"]
[Date "2022.07.12"]
[Round "1.24"]
[White "Cherniaiev, Tykhon"]
[Black "Boci, Petro"]
[Result "1-0"]
[ECO "E18"]
[WhiteElo "2186"]
[BlackElo "1709"]
[Annotator "ChessBase"]
[PlyCount "61"]
[EventDate "2022.07.12"]
[EventType "team-tourn"]
[EventCountry "GRE"]
[SourceTitle "playchess.com"]
[Source "ChessBase"]
[SourceQuality "1"]
[WhiteTeam "Germany"]
[BlackTeam "Albania"]
[WhiteTeamCountry "GER"]
[BlackTeamCountry "ALB"]
[TimeControl "40/5400+30:1800+30"]

1. d4 Nf6 2. Nf3 e6 3. c4 b6 4. g3 Bb7 5. Bg2 Be7 6. O-O O-O 7. Nc3 d6 8. Qc2 Nbd7 9. Rd1 c5 10. b3 cxd4 11. Nxd4 Bxg2 12. Kxg2 Qc7 13. Bb2 a6 14. Rac1 Rac8 15. e4 Qb7 16. Qe2 Nc5 17. f3 Rfd8 18. Rc2 g6 19. Rcd2 h5 20. h4 Ncd7 21. Nc2 Ne5 22. a4 Rd7 23. Ne1 Rcd8 24. Nd3 Qc6 25. Qf2 Nxd3 26. Rxd3 Qc5 27. Qd2 Rc7 28. e5 Ne8 29. Ne4 Rcd7 30. Nc3 Qc6 31. Ne4 1-0

[Event "EYTCC Open U18 2022"]
[Site "Thessaloniki"]
[Date "2022.07.12"]
[Round "1.25"]
[White "Filip, Andrei"]
[Black "Pekkul, Arda"]
[Result "1-0"]
[ECO "B40"]
[WhiteElo "2344"]
[BlackElo "1599"]
[Annotator "ChessBase"]
[PlyCount "39"]
[EventDate "2022.07.12"]
[EventType "team-tourn"]
[EventCountry "GRE"]
[SourceTitle "playchess.com"]
[Source "ChessBase"]
[SourceQuality "1"]
[WhiteTeam "Romania"]
[BlackTeam "Turkey"]
[WhiteTeamCountry "ROU"]
[BlackTeamCountry "TUR"]
[TimeControl "40/5400+30:1800+30"]

1. e4 c5 2. Nf3 e6 3. g3 Nc6 4. Bg2 Nf6 5. Qe2 e5 6. O-O d6 7. c3 Be7 8. Rd1 Bg4 9. Na3 O-O 10. Nc2 d5 11. exd5 Nd4 12. cxd4 e4 13. dxc5 Bxc5 14. d4 Qxd5 15. dxc5 Qh5 16. Nce1 Rae8 17. Be3 Nd5 18. h3 Nxe3 19. Qxe3 Bxf3 20. Nxf3 1-0

[Event "EYTCC Open U18 2022"]
[Site "Thessaloniki"]
[Date "2022.07.12"]
[Round "1.26"]
[White "Atis, Hasan"]
[Black "Stepanencu, Nicodim-Cosmin"]
[Result "1/2-1/2"]
[ECO "B07"]
[WhiteElo "1956"]
[BlackElo "2277"]
[Annotator "ChessBase"]
[PlyCount "126"]
[EventDate "2022.07.12"]
[EventType "team-tourn"]
[EventCountry "GRE"]
[SourceTitle "playchess.com"]
[Source "ChessBase"]
[SourceQuality "1"]
[WhiteTeam "Turkey"]
[BlackTeam "Romania"]
[WhiteTeamCountry "TUR"]
[BlackTeamCountry "ROU"]
[TimeControl "40/5400+30:1800+30"]

1. e4 d6 2. d4 Nf6 3. Nc3 e5 4. dxe5 dxe5 5. Qxd8+ Kxd8 6. Bg5 Be6 7. O-O-O+ Nbd7 8. f3 c6 9. g3 Bb4 10. Bh3 Bxc3 11. bxc3 Kc7 12. Bxe6 fxe6 13. Ne2 Nb6 14. Bxf6 gxf6 15. f4 Nc4 16. Rd3 Rhe8 17. Rf1 Re7 18. f5 Rg8 19. fxe6 Rxe6 20. h3 h5 21. Rf5 Rh8 22. Rf2 a5 23. Ng1 Rg8 24. Rf5 h4 25. g4 Nd6 26. Rh5 Nxe4 27. Rxh4 f5 28. Nf3 f4 29. Rh7+ Kb6 30. Rdd7 Nc5 31. Rdf7 Ree8 32. Nd2 Rgf8 33. Rxf8 Rxf8 34. Re7 Rh8 35. Rxe5 Na4 36. Nc4+ Kc7 37. Nxa5 Nxc3 38. Kb2 Nd1+ 39. Kc1 Nc3 40. Kb2 Nd5 41. Rh5 Rf8 42. Nc4 f3 43. Nd2 f2 44. Nf1 Rf4 45. a3 Ne7 46. Rh6 Nd5 47. g5 Re4 48. Rh7+ Kd6 49. Rf7 Nf4 50. g6 Ke6 51. Rf8 Nxg6 52. Rxf2 Rh4 53. Re2+ Ne5 54. Re3 Kd5 55. Nd2 Nc4+ 56. Nxc4 Kxc4 57. Rb3 c5 58. Rxb7 Rxh3 59. Rb3 Rh8 60. a4 Ra8 61. Ka3 Ra5 62. Rf3 Ra7 63. Rb3 Ra5 1/2-1/2

[Event "EYTCC Open U18 2022"]
[Site "Thessaloniki"]
[Date "2022.07.12"]
[Round "1.27"]
[White "Antonica, Dragos-Andrei"]
[Black "Aydogdu, Selcan Ayberk"]
[Result "1-0"]
[ECO "E14"]
[WhiteElo "2355"]
[BlackElo "1902"]
[Annotator "ChessBase"]
[PlyCount "59"]
[EventDate "2022.07.12"]
[EventType "team-tourn"]
[EventCountry "GRE"]
[SourceTitle "playchess.com"]
[Source "ChessBase"]
[SourceQuality "1"]
[WhiteTeam "Romania"]
[BlackTeam "Turkey"]
[WhiteTeamCountry "ROU"]
[BlackTeamCountry "TUR"]
[TimeControl "40/5400+30:1800+30"]

1. Nf3 e6 2. c4 d5 3. e3 Nf6 4. b3 c5 5. Bb2 Be7 6. cxd5 exd5 7. Be2 O-O 8. O-O b6 9. d4 Nbd7 10. Nc3 Bb7 11. Rc1 Rc8 12. Bd3 Ne4 13. Ne2 Re8 14. Ng3 cxd4 15. Rxc8 Qxc8 16. Nxd4 Ndc5 17. Bb5 Nxg3 18. fxg3 Ba6 19. Qh5 g6 20. Qxd5 Ne6 21. Nxe6 Bxb5 22. Qxb5 Bd6 23. Nf4 Rxe3 24. Nd5 Re6 25. Nf6+ Kf8 26. Nxh7+ Kg8 27. Nf6+ Kf8 28. Qd3 Qc6 29. Qf3 Bc5+ 30. Kh1 1-0

[Event "EYTCC Open U18 2022"]
[Site "Thessaloniki"]
[Date "2022.07.12"]
[Round "1.28"]
[White "Turk, Talha Gunes"]
[Black "Cnejev, Vladimir-Alexandru"]
[Result "0-1"]
[ECO "C54"]
[WhiteElo "1597"]
[BlackElo "2172"]
[Annotator "ChessBase"]
[PlyCount "66"]
[EventDate "2022.07.12"]
[EventType "team-tourn"]
[EventCountry "GRE"]
[SourceTitle "playchess.com"]
[Source "ChessBase"]
[SourceQuality "1"]
[WhiteTeam "Turkey"]
[BlackTeam "Romania"]
[WhiteTeamCountry "TUR"]
[BlackTeamCountry "ROU"]
[TimeControl "40/5400+30:1800+30"]

1. e4 e5 2. Nf3 Nc6 3. Bc4 Bc5 4. O-O d6 5. h3 Nf6 6. d3 h6 7. c3 Bb6 8. Re1 g5 9. g4 h5 10. Nxg5 hxg4 11. Nxf7 Qe7 12. Nxh8 Qh7 13. Be3 Qxh3 14. Bxb6 g3 15. Qf3 Qh2+ 16. Kf1 Bh3+ 17. Ke2 Bg4 18. Be3 Bxf3+ 19. Kxf3 g2 20. Nd2 Qh3+ 21. Ke2 Qxh8 22. Rg1 Qh3 23. Nf3 Qg4 24. Rac1 O-O-O 25. Bb3 Rf8 26. Bd1 Nh5 27. Kd2 Rxf3 28. Bxf3 Qxf3 29. b4 Nf4 30. Bxf4 Qxf2+ 31. Kd1 Qxg1+ 32. Kc2 Qf2+ 33. Bd2 g1=Q 0-1

[Event "EYTCC Open U18 2022"]
[Site "Thessaloniki"]
[Date "2022.07.12"]
[Round "1.29"]
[White "Stoimenidis, Dimitrios"]
[Black "Trost, Edvin"]
[Result "0-1"]
[ECO "D02"]
[WhiteElo "1993"]
[BlackElo "2345"]
[Annotator "ChessBase"]
[PlyCount "64"]
[EventDate "2022.07.12"]
[EventType "team-tourn"]
[EventCountry "GRE"]
[SourceTitle "playchess.com"]
[Source "ChessBase"]
[SourceQuality "1"]
[WhiteTeam "Greece"]
[BlackTeam "Sweden"]
[WhiteTeamCountry "GRE"]
[BlackTeamCountry "SWE"]
[TimeControl "40/5400+30:1800+30"]

1. d4 Nf6 2. Bf4 d5 3. e3 c5 4. Nf3 Nc6 5. c3 Qb6 6. Qc2 g6 7. Nbd2 Bg7 8. Be2 O-O 9. O-O Nh5 10. Bg5 h6 11. Bh4 g5 12. Ne1 gxh4 13. Bxh5 h3 14. Qb3 hxg2 15. Nxg2 e5 16. Qxd5 cxd4 17. Nc4 Qa6 18. Nd6 Be6 19. Qf3 Ne7 20. Ne4 Bd5 21. c4 Bc6 22. Nf6+ Kh8 23. e4 Qxc4 24. Bg4 Qb4 25. Nh4 Qd2 26. Nh5 Qg5 27. Nxg7 Qxg7 28. Qg3 Rg8 29. f3 Bxe4 30. Rae1 f5 31. Rxe4 fxe4 32. fxe4 Qxg4 0-1

[Event "EYTCC Open U18 2022"]
[Site "Thessaloniki"]
[Date "2022.07.12"]
[Round "1.30"]
[White "Olsson, William"]
[Black "Karamichos, Michail"]
[Result "1-0"]
[ECO "A13"]
[WhiteElo "2284"]
[BlackElo "1839"]
[Annotator "ChessBase"]
[PlyCount "75"]
[EventDate "2022.07.12"]
[EventType "team-tourn"]
[EventCountry "GRE"]
[SourceTitle "playchess.com"]
[Source "ChessBase"]
[SourceQuality "1"]
[WhiteTeam "Sweden"]
[BlackTeam "Greece"]
[WhiteTeamCountry "SWE"]
[BlackTeamCountry "GRE"]
[TimeControl "40/5400+30:1800+30"]

1. c4 e6 2. Nf3 d5 3. e3 Nf6 4. b3 Bd6 5. Bb2 Nbd7 6. Nc3 O-O 7. Be2 b6 8. O-O Bb7 9. Qc2 a6 10. d3 c5 11. a4 Nb8 12. cxd5 exd5 13. d4 Nc6 14. Rfd1 cxd4 15. Nxd4 Nxd4 16. Rxd4 Qc7 17. Rh4 Ne4 18. Bd3 f5 19. f3 Qe7 20. Rh5 Nf6 21. Rxf5 Qxe3+ 22. Kh1 Qh6 23. g4 d4 24. g5 Qh3 25. Bc4+ Kh8 26. Bf1 Bxf3+ 27. Rxf3 Qxf3+ 28. Bg2 Qf4 29. Bxa8 Ng4 30. Ne4 Rxa8 31. Bxd4 Re8 32. Nxd6 Qxd6 33. Rd1 Qd5+ 34. Kg1 Qf7 35. Rf1 Qd7 36. Qc4 b5 37. Qc5 bxa4 38. Qf8+ 1-0

[Event "EYTCC Open U18 2022"]
[Site "Thessaloniki"]
[Date "2022.07.12"]
[Round "1.31"]
[White "Tagkaloglou, Savvas Stefanos"]
[Black "Wernberg, Hugo"]
[Result "0-1"]
[ECO "E36"]
[WhiteElo "1724"]
[BlackElo "2316"]
[Annotator "ChessBase"]
[PlyCount "106"]
[EventDate "2022.07.12"]
[EventType "team-tourn"]
[EventCountry "GRE"]
[SourceTitle "playchess.com"]
[Source "ChessBase"]
[SourceQuality "1"]
[WhiteTeam "Greece"]
[BlackTeam "Sweden"]
[WhiteTeamCountry "GRE"]
[BlackTeamCountry "SWE"]
[TimeControl "40/5400+30:1800+30"]

1. d4 Nf6 2. c4 e6 3. Nc3 Bb4 4. Qc2 d5 5. a3 Be7 6. Nf3 b6 7. e4 dxe4 8. Nxe4 Nbd7 9. Bd3 Bb7 10. b4 c5 11. dxc5 bxc5 12. b5 a6 13. bxa6 Rxa6 14. O-O Qa8 15. Re1 O-O 16. Bb2 h6 17. Nfd2 Ne8 18. f3 f5 19. Nc3 Bf6 20. Nb5 Qb8 21. Bxf6 Nexf6 22. Nb3 Rc8 23. Qf2 g6 24. Qd2 Kg7 25. f4 e5 26. fxe5 Nxe5 27. Bf1 Re6 28. h3 Ne4 29. Qb2 Kg8 30. Nc3 Ng5 31. Nd5 Nef3+ 32. gxf3 Qg3+ 33. Qg2 Nxf3+ 34. Kh1 Qxg2+ 35. Bxg2 Nxe1 36. Nf6+ Rxf6 37. Bxb7 Rb8 38. Bd5+ Kg7 39. Nxc5 Re8 40. Rc1 Re3 41. Rb1 g5 42. Kg1 Nd3 43. Rb7+ Kg6 44. Nd7 Rd6 45. Nb6 Kh5 46. a4 Kh4 47. Kg2 Nf4+ 48. Kf2 Rb3 49. a5 Nxd5 50. cxd5 Rxd5 51. a6 Ra5 52. Nd7 Ra2+ 53. Ke1 Rxh3 0-1

[Event "EYTCC Open U18 2022"]
[Site "Thessaloniki"]
[Date "2022.07.12"]
[Round "1.32"]
[White "Soderstrom, Adrian"]
[Black "Karakotsios, Konstantinos"]
[Result "1-0"]
[ECO "C18"]
[WhiteElo "2292"]
[BlackElo "1376"]
[Annotator "ChessBase"]
[PlyCount "61"]
[EventDate "2022.07.12"]
[EventType "team-tourn"]
[EventCountry "GRE"]
[SourceTitle "playchess.com"]
[Source "ChessBase"]
[SourceQuality "1"]
[WhiteTeam "Sweden"]
[BlackTeam "Greece"]
[WhiteTeamCountry "SWE"]
[BlackTeamCountry "GRE"]
[TimeControl "40/5400+30:1800+30"]

1. e4 e6 2. d4 d5 3. Nc3 Bb4 4. e5 c5 5. a3 Bxc3+ 6. bxc3 Qa5 7. Bd2 Qa4 8. Qg4 g6 9. Qd1 Nc6 10. Nf3 Nge7 11. Bd3 Bd7 12. O-O c4 13. Be2 O-O-O 14. Bh6 Rhg8 15. Qd2 g5 16. Nxg5 Rg6 17. Nxf7 Rdg8 18. g3 Nf5 19. Bh5 Rxh6 20. Nxh6 Nxh6 21. Qxh6 Qxc2 22. Bf7 Rd8 23. Rac1 Qf5 24. Qh5 Qe4 25. Rfe1 Qd3 26. Qg4 Rf8 27. Bxe6 Nb8 28. Bxd7+ Nxd7 29. e6 Nf6 30. e7+ Nxg4 31. exf8=Q+ 1-0

[Event "EYTCC Open U18 2022"]
[Site "Thessaloniki"]
[Date "2022.07.12"]
[Round "1.33"]
[White "Yaniv, Yuval"]
[Black "Magalakis, Stefanos"]
[Result "1-0"]
[ECO "C76"]
[WhiteElo "2305"]
[BlackElo "2181"]
[Annotator "ChessBase"]
[PlyCount "41"]
[EventDate "2022.07.12"]
[EventType "team-tourn"]
[EventCountry "GRE"]
[SourceTitle "playchess.com"]
[Source "ChessBase"]
[SourceQuality "1"]
[WhiteTeam "Israel"]
[BlackTeam "Greece"]
[WhiteTeamCountry "ISR"]
[BlackTeamCountry "GRE"]
[TimeControl "40/5400+30:1800+30"]

1. e4 e5 2. Nf3 Nc6 3. Bb5 a6 4. Ba4 d6 5. c3 Bd7 6. d4 g6 7. O-O Bg7 8. Re1 b5 9. Bc2 Nf6 10. Be3 O-O 11. h3 Re8 12. Nbd2 Qc8 13. dxe5 Nxe5 14. Nxe5 dxe5 15. Nb3 Bc6 16. Qf3 a5 17. Nc5 a4 18. b4 Nd7 19. a3 Nxc5 20. Bxc5 Qe6 21. Qe2 1-0

[Event "EYTCC Open U18 2022"]
[Site "Thessaloniki"]
[Date "2022.07.12"]
[Round "1.34"]
[White "Gerasopoulos, Nikolaos"]
[Black "Guz, Ari"]
[Result "0-1"]
[ECO "B14"]
[WhiteElo "1526"]
[BlackElo "2331"]
[Annotator "ChessBase"]
[PlyCount "66"]
[EventDate "2022.07.12"]
[EventType "team-tourn"]
[EventCountry "GRE"]
[SourceTitle "playchess.com"]
[Source "ChessBase"]
[SourceQuality "1"]
[WhiteTeam "Greece"]
[BlackTeam "Israel"]
[WhiteTeamCountry "GRE"]
[BlackTeamCountry "ISR"]
[TimeControl "40/5400+30:1800+30"]

1. e4 c6 2. d4 d5 3. exd5 cxd5 4. c4 Nf6 5. Nf3 g6 6. Nc3 Bg7 7. Qb3 dxc4 8. Bxc4 O-O 9. Bxf7+ Rxf7 10. Ng5 Qf8 11. O-O h6 12. Nxf7 Qxf7 13. Qa3 Nc6 14. Be3 Bf5 15. Qc5 Ne4 16. Qb5 Nd6 17. Qa4 Qc4 18. Qxc4+ Nxc4 19. b3 Nxe3 20. fxe3 Nxd4 21. Rac1 Rc8 22. Kh1 Nxb3 23. axb3 Bxc3 24. Rfd1 b5 25. Rd5 b4 26. Ra5 Rc7 27. Rb5 Rd7 28. Ra5 Bc2 29. Ra6 Kg7 30. h3 Bxb3 31. e4 Rd1+ 32. Rxd1 Bxd1 33. Rxa7 Kf7 0-1

[Event "EYTCC Open U18 2022"]
[Site "Thessaloniki"]
[Date "2022.07.12"]
[Round "1.35"]
[White "Zemach, Nadav"]
[Black "Skodras, Marios Konstantinos"]
[Result "1-0"]
[ECO "E11"]
[WhiteElo "2225"]
[BlackElo "1446"]
[Annotator "ChessBase"]
[PlyCount "63"]
[EventDate "2022.07.12"]
[EventType "team-tourn"]
[EventCountry "GRE"]
[SourceTitle "playchess.com"]
[Source "ChessBase"]
[SourceQuality "1"]
[WhiteTeam "Israel"]
[BlackTeam "Greece"]
[WhiteTeamCountry "ISR"]
[BlackTeamCountry "GRE"]
[TimeControl "40/5400+30:1800+30"]

1. d4 d5 2. c4 e6 3. Nf3 Nf6 4. g3 Bb4+ 5. Bd2 Bxd2+ 6. Nbxd2 b6 7. cxd5 exd5 8. Bg2 O-O 9. O-O Be6 10. Nb1 Nbd7 11. Nc3 Rc8 12. Rc1 c6 13. b4 Qe7 14. Qb3 c5 15. bxc5 bxc5 16. Qa3 Qd6 17. Rfd1 Qc6 18. Ne5 Nxe5 19. dxe5 Ne4 20. Nxe4 dxe4 21. Qxa7 Rc7 22. Qa3 g6 23. Qe3 Bxa2 24. Bxe4 Qb5 25. Bd5 c4 26. e6 fxe6 27. Qxe6+ Kh8 28. Ra1 Qb2 29. Qd6 Rcc8 30. Rxa2 Qg7 31. Be6 Rc7 32. Qd4 1-0

[Event "EYTCC Open U18 2022"]
[Site "Thessaloniki"]
[Date "2022.07.12"]
[Round "1.36"]
[White "Chasiotis, Odysseas"]
[Black "Vagman, Roy"]
[Result "0-1"]
[ECO "B33"]
[WhiteElo "1371"]
[BlackElo "2180"]
[Annotator "ChessBase"]
[PlyCount "40"]
[EventDate "2022.07.12"]
[EventType "team-tourn"]
[EventCountry "GRE"]
[SourceTitle "playchess.com"]
[Source "ChessBase"]
[SourceQuality "1"]
[WhiteTeam "Greece"]
[BlackTeam "Israel"]
[WhiteTeamCountry "GRE"]
[BlackTeamCountry "ISR"]
[TimeControl "40/5400+30:1800+30"]

1. e4 c5 2. Nf3 d6 3. d4 cxd4 4. Nxd4 Nf6 5. Nc3 Nc6 6. Nf3 e5 7. Bg5 Be7 8. Qd2 O-O 9. Bc4 Na5 10. Bd3 Be6 11. O-O a6 12. Rfd1 Re8 13. Be2 Qb6 14. Rab1 Rad8 15. Be3 Qc6 16. Nd5 Nc4 17. Qd3 Nxe3 18. fxe3 Bxd5 19. exd5 Qb6 20. Ng5 h6 0-1

[Event "EYTCC Open U18 2022"]
[Site "Thessaloniki"]
[Date "2022.07.12"]
[Round "1.37"]
[White "Betsakou, Sofia"]
[Black "Kristoferitsch, Daniel"]
[Result "0-1"]
[ECO "D03"]
[WhiteElo "1412"]
[BlackElo "2312"]
[Annotator "ChessBase"]
[PlyCount "58"]
[EventDate "2022.07.12"]
[EventType "team-tourn"]
[EventCountry "GRE"]
[SourceTitle "playchess.com"]
[Source "ChessBase"]
[SourceQuality "1"]
[WhiteTeam "Greece"]
[BlackTeam "Austria"]
[WhiteTeamCountry "GRE"]
[BlackTeamCountry "AUT"]
[TimeControl "40/5400+30:1800+30"]

1. d4 Nf6 2. Nf3 g6 3. Bg5 Bg7 4. Nbd2 d5 5. e3 O-O 6. Be2 c5 7. c3 b6 8. O-O Nbd7 9. a4 a6 10. b4 Re8 11. Re1 Bb7 12. bxc5 bxc5 13. c4 Ne4 14. cxd5 Nxg5 15. Nxg5 cxd4 16. Rb1 Bxd5 17. exd4 Qa5 18. Ngf3 Rec8 19. Bd3 e6 20. Be4 Nf6 21. Ne5 Rc3 22. f3 Rd8 23. Nf1 Nxe4 24. fxe4 Ba2 25. Rb2 Bxe5 26. Rxa2 Bxd4+ 27. Kh1 Bf2 28. Qxd8+ Qxd8 29. Rxf2 Ra3 0-1

[Event "EYTCC Open U18 2022"]
[Site "Thessaloniki"]
[Date "2022.07.12"]
[Round "1.38"]
[White "Borrmann, Laurenz"]
[Black "Betsakos, Haralampos"]
[Result "1-0"]
[ECO "D02"]
[WhiteElo "2274"]
[BlackElo "1183"]
[Annotator "ChessBase"]
[PlyCount "75"]
[EventDate "2022.07.12"]
[EventType "team-tourn"]
[EventCountry "GRE"]
[SourceTitle "playchess.com"]
[Source "ChessBase"]
[SourceQuality "1"]
[WhiteTeam "Austria"]
[BlackTeam "Greece"]
[WhiteTeamCountry "AUT"]
[BlackTeamCountry "GRE"]
[TimeControl "40/5400+30:1800+30"]

1. Nf3 Nf6 2. g3 e6 3. Bg2 d5 4. O-O Bd6 5. d4 Nbd7 6. c4 b6 7. Nc3 Bb7 8. cxd5 Nxd5 9. Nb5 a6 10. Nxd6+ cxd6 11. e4 Ne7 12. Nd2 O-O 13. b3 b5 14. Bb2 Qb6 15. a4 d5 16. e5 b4 17. a5 Qc7 18. Ra4 Nc6 19. Qa1 Rfc8 20. Nf3 Qd8 21. Ne1 Rab8 22. Nd3 Ba8 23. Rc1 Rb5 24. Bf1 Qe8 25. Nf4 Rbb8 26. Bxa6 Rc7 27. Be2 Ra7 28. Nd3 Qd8 29. a6 Rb6 30. Nc5 Qc8 31. Nxd7 Qxd7 32. Rc5 Nb8 33. Raa5 Nc6 34. Bb5 Qd8 35. Qc1 Nxa5 36. Rc8 Qf8 37. Rxf8+ Kxf8 38. Qc8+ 1-0

[Event "EYTCC Open U18 2022"]
[Site "Thessaloniki"]
[Date "2022.07.12"]
[Round "1.39"]
[White "Karkanas, Stylianos"]
[Black "Marakovits, Nico"]
[Result "0-1"]
[ECO "A03"]
[WhiteElo "1089"]
[BlackElo "2259"]
[Annotator "ChessBase"]
[PlyCount "118"]
[EventDate "2022.07.12"]
[EventType "team-tourn"]
[EventCountry "GRE"]
[SourceTitle "playchess.com"]
[Source "ChessBase"]
[SourceQuality "1"]
[WhiteTeam "Greece"]
[BlackTeam "Austria"]
[WhiteTeamCountry "GRE"]
[BlackTeamCountry "AUT"]
[TimeControl "40/5400+30:1800+30"]

1. f4 d5 2. Nf3 Nf6 3. e3 g6 4. Nc3 Bg7 5. b3 O-O 6. Bb2 c5 7. Bd3 Nc6 8. O-O a6 9. Ne2 Qc7 10. Ng3 Bg4 11. Be2 Bxf3 12. Bxf3 e5 13. d3 exf4 14. exf4 Qxf4 15. Kh1 Qd6 16. Rc1 Nh5 17. Bxh5 Bxb2 18. Rb1 Bg7 19. Bf3 Nd4 20. Qd2 f5 21. Rbe1 Nxf3 22. Rxf3 Rae8 23. Rf2 Bh6 24. Qd1 d4 25. Rfe2 Be3 26. Nf1 f4 27. Nd2 Qd5 28. Ne4 Kg7 29. Rf1 Rf5 30. Ree1 b6 31. a4 Qd8 32. Qf3 Rh5 33. Qg4 Rh4 34. Qg5 Qxg5 35. Nxg5 Rh5 36. Ne4 Ree5 37. Rf3 g5 38. g4 Rh4 39. h3 h5 40. Nf2 hxg4 41. Nxg4 Re8 42. Kg2 Kg6 43. Kf1 Kf5 44. Kg2 a5 45. Nf2 Re6 46. Ng4 Re7 47. Nf2 Reh7 48. Ng4 Rxg4+ 49. hxg4+ Kxg4 50. Ref1 Rh4 51. Re1 Rh2+ 52. Kxh2 Kxf3 53. Rf1+ Bf2 54. Rc1 g4 55. b4 g3+ 56. Kh3 g2 57. bxa5 bxa5 58. c4 g1=Q 59. Rxg1 Bxg1 0-1

[Event "EYTCC Open U18 2022"]
[Site "Thessaloniki"]
[Date "2022.07.12"]
[Round "1.40"]
[White "Pilshofer, Paul"]
[Black "Maki, Eftychia Maria"]
[Result "1-0"]
[ECO "D11"]
[WhiteElo "2223"]
[BlackElo "1157"]
[Annotator "ChessBase"]
[PlyCount "49"]
[EventDate "2022.07.12"]
[EventType "team-tourn"]
[EventCountry "GRE"]
[SourceTitle "playchess.com"]
[Source "ChessBase"]
[SourceQuality "1"]
[WhiteTeam "Austria"]
[BlackTeam "Greece"]
[WhiteTeamCountry "AUT"]
[BlackTeamCountry "GRE"]
[TimeControl "40/5400+30:1800+30"]

1. d4 d5 2. Nf3 Nf6 3. g3 Bf5 4. Bg2 h6 5. O-O e6 6. c4 c6 7. Nc3 Nbd7 8. Nd2 Bd6 9. e4 dxe4 10. Ndxe4 Bc7 11. Qb3 Qb8 12. Nxf6+ Nxf6 13. d5 O-O 14. dxc6 b6 15. Be3 Qd8 16. Qa3 Qb8 17. Rfd1 Rd8 18. Rxd8+ Qxd8 19. Rd1 Qe8 20. Nb5 Rc8 21. Qxa7 Qe7 22. Nxc7 Qxc7 23. Qxc7 Rxc7 24. Bxb6 Rc8 25. c7 1-0